Map: Prion Terraces

Players

Krajcyk - Winner!

  • Race: Zerg Zerg
  • League: Silver

lesha

  • Race: Terran Terran
  • League: Gold

VOD

Have the link to the VOD?

Description

Time

  • Played on: Jan. 10, 2016, 8:04 a.m.
  • Length: 3:41
Show
View Real Time Build Order
Export as new Build Order

Krajcyk Zerg - Winner!

Build Orders: Pool First 

Get SALT Encoding   

  12  0:01  Drone  
  13  0:08  Drone  
  14  0:20  Extractor  
  13  0:21  Overlord  
  13  0:24  Drone  
  14  0:40  Drone x2  
  16  0:51  Spawning Pool  
  16  0:54  Drone  
  16  0:58  Drone  
  17  1:07  Overlord  
  17  1:18  Drone  
  18  1:26  Evolution Chamber  
  18  1:28  Drone  
  18  1:39  Queen  
  20  1:44  Zergling x2  
  21  1:47  Metabolic Boost  
  21  1:50  Drone  
  22  1:58  Extractor  
  22  2:01  Zergling x2  
  22  2:20  Zergling x2  
  22  2:21  Hatchery  
  22  2:22  Drone  
  23  2:39  Zergling x2  
  24  2:45  Roach Warren, Zergling x2  
  24  2:52  Zergling x4  
  24  2:53  Zergling x2  
Show
View Real Time Build Order
Export as new Build Order

lesha Terran 

Build Orders: Reaper Expand 

Get SALT Encoding   

  12  0:01  SCV  
  13  0:13  SCV  
  14  0:18  Supply Depot  
  14  0:25  SCV  
  15  0:39  SCV  
  15  0:40  Barracks  
  16  0:46  Refinery  
  16  0:51  SCV  
  17  1:03  SCV  
  18  1:15  SCV  
  19  1:28  Orbital Command  
  19  1:32  Reaper  
  20  1:42  Command Center  
  20  1:52  Supply Depot  
  20  1:54  Refinery  
  20  1:57  SCV  
  21  2:12  SCV  
  22  2:21  Factory  
  22  2:24  SCV  
  23  2:30  Barracks Reactor  
  23  2:44  SCV  
  24  2:52  Barracks  
  24  2:53  Barracks  
  24  2:56  SCV  
  25  3:00  Orbital Command  
  24  3:08  SCV  
  24  3:10  Marine x2  
  24  3:12  Hellion  
  29  3:20  SCV  
  29  3:22  Supply Depot  
Tags
 
Add a new tag
Caveats
  • Supply blocks, unpowered buildings, or Contaminate may cause inaccurate times.
  • Supply counts are checked every 10 seconds.